 Dungeon Crawl Stone Soup version 0.25.0-26-g0c896c7088 (webtiles) character file.

Game seed: 7838402120744246283

11170 MisterFreud the Grappler (level 11, -3/87 HPs)
             Began as a Demonspawn Abyssal Knight on July 5, 2020.
             Was an Elder of Lugonu.
             Slain by a blink frog (9 damage)
             ... on level 2 of the Lair of Beasts.
             The game lasted 00:23:13 (16964 turns).

MisterFreud the Grappler (DsAK)                    Turns: 16964, Time: 00:23:14

Health: -3/87      AC: 18    Str: 18    XL:     11   Next: 45%
Magic:  18/18      EV:  8    Int: 17    God:    Lugonu [****..]
Gold:   433        SH:  5    Dex: 18    Spells: 10/10 levels left

rFire    . . .     SeeInvis .     - Unarmed
rCold    + . .     Gourm    .   C - +0 buckler
rNeg     + . .     Faith    +   u - +6 chain mail of the Illusory Defenders {rC+ Str+5}
rPois    .         Spirit   .   (no helmet)
rElec    .         Reflect  .   I - +1 cloak
rCorr    .         Harm     .   (no gloves)
MR       .....                  (no boots)
Stlth    ..........             y - amulet of faith
HPRegen  0.24/turn              r - ring of positive energy
MPRegen  0.16/turn              K - +6 ring of dexterity

@: no status effects
A: talons 2, rot immunity
a: Depart the Abyss, Bend Space, Banish, Corrupt, Renounce Religion


You were on level 2 of the Lair of Beasts.
You worshipped Lugonu.
Lugonu was greatly pleased with you.
You were not hungry.

You visited 2 branches of the dungeon, and saw 14 of its levels.
You visited the Abyss 1 time.

You collected 433 gold pieces.

Inventory:

Missiles
 a - 9 boomerangs (quivered)
 e - 34 poisoned darts
Armour
 u - the +6 chain mail of the Illusory Defenders (worn) {rC+ Str+5}
   (You found it on level 5 of the Dungeon)

   It affects your strength (+5).
   It protects you from cold.
 x - the +3 chain mail of Loss {rF+ Int+3}
   (You found it on level 6 of the Dungeon)

   It affects your intelligence (+3).
   It protects you from fire.
 C - a +0 buckler (worn)
 I - a +1 cloak (worn)
Jewellery
 c - an uncursed ring of protection from fire
 j - an uncursed ring of stealth
 k - an uncursed ring of resist corrosion
 r - a ring of positive energy (left hand)
 y - an amulet of faith (around neck)
 F - an uncursed ring of magical power
 K - a +6 ring of dexterity (right hand)
Wands
 p - a wand of flame (14)
 w - a wand of polymorph (3)
 A - a wand of digging (6)
 H - a wand of random effects (8)
Scrolls
 f - 3 scrolls of fog {unknown}
 g - 2 scrolls of blinking {unknown}
 h - a scroll of enchant armour {unknown}
 i - a scroll of teleportation
 l - 2 scrolls of remove curse
 m - a scroll of noise {unknown}
 B - 2 scrolls of fear
 E - 2 scrolls of enchant weapon {unknown}
 M - a scroll of immolation {unknown}
 N - a scroll of identify
Potions
 d - a potion of berserk rage
 n - a potion of ambrosia
 o - 7 potions of brilliance
 s - 2 potions of haste
 t - 2 potions of resistance
 v - 3 potions of lignification
 z - a potion of flight
 D - 2 potions of might
 G - 2 potions of stabbing
 J - a potion of degeneration
 L - a potion of curing
Miscellaneous
 O - a phial of floods
Comestibles
 b - 20 rations


   Skills:
 + Level 8.8 Fighting
 - Level 6.0 Armour
 - Level 0.8 Dodging
 - Level 4.0 Shields
 + Level 11.4 Unarmed Combat
 - Level 10.0 Invocations


You had 10 spell levels left.
You didn't know any spells.
Your spell library contained the following spells:

 Spells                   Type           Power        Failure   Level  Hunger
 Beastly Appendage        Tmut           #.....       95%         1    ##.....
 Sticks to Snakes         Tmut           #.......     98%         2    ###....
 Spider Form              Tmut/Pois      #.........   100%        3    ####...
 Ice Form                 Ice/Tmut       #.......     100%        4    #####..
 Blade Hands              Tmut           #.........   100%        5    ######.


Dungeon Overview and Level Annotations

Branches:
Dungeon (11/15)            Temple (0/1) D:4            Lair (3/6) D:8
  Swamp (0/4) Lair:2
  Snake: Lair:2-4    Spider: Lair:2-4       Orc: D:9-12

Altars:
Ashenzari
Dithmenos
Fedhas
Gozag
Kikubaaqudgha
Ru
Wu Jian
Yredelemnul

Shops:
D:10 *

Annotations:
Lair:1 exclusion: oklob plant


Innate Abilities, Weirdness & Mutations

You have razor-sharp toenails.
You are immune to rotting.


Message History

The porcupine is lightly wounded.
The porcupine barely misses you.
The blink frog hits you but does no damage.
You completely miss the porcupine. You claw the porcupine!
The porcupine is heavily wounded.
The blink frog blinks!
The porcupine bites you.
* * * LOW HITPOINT WARNING * * *
The porcupine bites you but does no damage.
The blink frog hits you but does no damage.
The porcupine bites you but does no damage.
You climb upwards.
The blink frog hits you but does no damage.
The blink frog barely misses you.
There is a stone staircase leading down here.
You are struck by the porcupine's spines.
* * * LOW HITPOINT WARNING * * *
You closely miss the porcupine. You claw the porcupine.
The porcupine is severely wounded.
The blink frog hits you!
You die...

########### #######
###.#..P.#P.###.##..####
...........<...........#
......................##
.......................#
.......)........<.....##
...........(..........##
................@r.....#
...............F......##
..P###.##.###P#.#......#
..# ###### ####......P#
!. ##.....## . #.....# .
#.....## #......#
##.††..##


You could see a blink frog and a porcupine.

Vanquished Creatures
  An unseen horror (D:9)
  Pikel (D:4)
  A spiny frog (Lair:1)
  2 rime drakes (Lair:1)
  2 komodo dragons (Lair:1)
  2 bog bodies (Lair:2)
  A blink frog (Lair:1)
  3 hippogriffs
  Sigmund (D:2)
  7 yaks
  A soldier ant (D:9)
  5 water moccasins
  A porcupine (Lair:2)
  A black bear (D:7)
  6 ogres
  2 orc warriors
  An eye of draining (D:10)
  An ice beast (D:5)
  A phantom (D:10)
  A sky beast (D:6)
  4 wolves (Lair:1)
  6 crocodiles (D:8)
  A big kobold (D:7)
  6 bullfrogs
  4 scorpions
  5 killer bees (D:9)
  8 wights
  A howler monkey (D:9)
  2 bullfrog zombies (D:8)
  3 crimson imps
  4 hounds
  2 quasits
  2 centaur skeletons
  3 jellies
  5 orc priests
  9 orc wizards
  Crazy Yiuf (D:3)
  Jessica (D:3)
  2 iguanas
  Terence (D:2)
  6 worker ants
  3 hound skeletons
  Robin (D:3)
  A worker ant zombie (D:9)
  14 adders
  A shadow imp (D:7)
  4 oozes
  2 adder zombies
  An adder skeleton (D:6)
  3 worms
  2 dart slugs (D:1)
  4 leopard geckos
  37 orcs
  9 bats
  6 giant cockroaches
  17 goblins
  11 hobgoblins
  11 jackals
  5 quokkas
  A ball python (D:2)
  4 frilled lizards
  21 kobolds
  4 rats
279 creatures vanquished.

Vanquished Creatures (others)
  A black mamba (Lair:1)
  3 hornets (D:9)
  A vampire (D:10)
  35 fungi
  12 plants
52 creatures vanquished.

Grand Total: 331 creatures vanquished

Notes
Turn   | Place    | Note
-------+----------+-------------------------------------------
     0 | Abyss:1  | MisterFreud the Demonspawn Abyssal Knight began the quest
                  | for the Orb.
     0 | Abyss:1  | Reached XP level 1. HP: 18/18 MP: 2/2
    45 | Abyss:1  | Noticed a tentacled starspawn
    45 | D:1      | Escaped the Abyss
   120 | D:1      | Reached skill level 2 in Unarmed Combat
   128 | D:1      | Reached * piety under Lugonu
   243 | D:1      | Gained mutation: You have sharp toenails. [demonic
                  | ancestry]
   243 | D:1      | Reached XP level 2. HP: 17/24 MP: 3/3
   601 | D:1      | Reached skill level 3 in Unarmed Combat
   913 | D:1      | Reached XP level 3. HP: 29/29 MP: 4/4
  2101 | D:2      | Reached XP level 4. HP: 15/35 MP: 5/5
  2105 | D:2      | Reached skill level 4 in Unarmed Combat
  2415 | D:2      | Noticed Terence
  2428 | D:2      | Killed Terence
  2684 | D:2      | Reached ** piety under Lugonu
  2966 | D:2      | Noticed Sigmund
  2988 | D:2      | Killed Sigmund
  2988 | D:2      | Reached skill level 5 in Unarmed Combat
  2988 | D:2      | Gained mutation: You have razor-sharp toenails. [demonic
                  | ancestry]
  2988 | D:2      | Reached XP level 5. HP: 35/41 MP: 6/6
  2988 | D:2      | Reached XP level 6. HP: 40/47 MP: 7/7
  3363 | D:3      | Reached skill level 6 in Unarmed Combat
  3860 | D:3      | Noticed Robin
  3886 | D:3      | Killed Robin
  4352 | D:3      | Noticed Jessica
  4357 | D:3      | Killed Jessica
  4395 | D:3      | Found a runed translucent door.
  4396 | D:3      | Noticed Crazy Yiuf
  4495 | D:3      | Killed Crazy Yiuf
  5318 | D:4      | Found a staircase to the Ecumenical Temple.
  5536 | D:4      | Noticed a slave
  5536 | D:4      | Noticed a slave
  5537 | D:4      | Noticed a slave
  5538 | D:4      | Noticed Pikel
  5540 | D:4      | Noticed a slave
  5561 | D:4      | HP: 2/47 [Pikel/+1 whip of flaming (2)]
  5566 | D:4      | Killed Pikel
  5566 | D:4      | Reached skill level 5 in Invocations
  5566 | D:4      | Reached XP level 7. HP: 30/55 MP: 8/11
  5901 | D:5      | Entered Level 5 of the Dungeon
  6116 | D:5      | Reached skill level 5 in Fighting
  6116 | D:5      | Reached skill level 7 in Unarmed Combat
  6116 | D:5      | Reached XP level 8. HP: 23/62 MP: 12/12
  6315 | D:5      | Found an opulent altar of Gozag.
  6822 | D:5      | Reached *** piety under Lugonu
  6889 | D:5      | Got a faintly humming chain mail
  6900 | D:5      | Identified the +6 chain mail of the Illusory Defenders {rC+
                  | Str+5} (You found it on level 5 of the Dungeon)
  7133 | D:6      | Found a basalt altar of Yredelemnul.
  7243 | D:6      | Got a dazzling chain mail
  7244 | D:6      | Identified the +3 chain mail of Loss {rF+ Int+3} (You found
                  | it on level 6 of the Dungeon)
  7536 | D:6      | Found an ancient bone altar of Kikubaaqudgha.
  7537 | D:6      | Found a shattered altar of Ashenzari.
  7538 | D:6      | Found a shadowy altar of Dithmenos.
  7538 | D:6      | Found a sacrificial altar of Ru.
  8075 | D:7      | Reached skill level 8 in Unarmed Combat
  8104 | D:7      | Noticed a hippogriff
  8116 | D:7      | Killed a hippogriff
  8116 | D:7      | Reached XP level 9. HP: 63/69 MP: 13/13
  8356 | D:7      | Found a blossoming altar of Fedhas.
  8799 | D:7      | Reached skill level 1 in Shields
  8882 | D:7      | Reached **** piety under Lugonu
  9028 | D:7      | HP: 1/69 [poisoned by an orc warrior]
  9672 | D:8      | Reached skill level 5 in Armour
 10368 | D:7      | Reached skill level 9 in Unarmed Combat
 10939 | D:7      | You fall into a shaft and drop 2 floors!
 11269 | D:8      | Found a staircase to the Lair.
 11720 | D:8      | Gained mutation: You are immune to rotting. [demonic
                  | ancestry]
 11720 | D:8      | Reached XP level 10. HP: 59/76 MP: 14/14
 11819 | D:8      | Reached skill level 10 in Unarmed Combat
 11976 | D:9      | Paralysed by a hornet for 2 turns
 12303 | D:9      | Reached ***** piety under Lugonu
 12773 | D:9      | Paralysed by a hornet for 2 turns
 13255 | D:9      | Killed an unseen horror
 13564 | D:10     | Entered Level 10 of the Dungeon
 13994 | D:10     | Found an ornate altar of the Wu Jian Council.
 14437 | D:10     | Found Cejytim's Serpentskin Sales.
 14633 | D:11     | Noticed a deep elf mage
 14683 | Lair:1   | Entered Level 1 of the Lair of Beasts
 14892 | Lair:1   | Noticed an oklob plant
 14907 | Lair:1   | Reached XP level 11. HP: 79/85 MP: 17/17
 15159 | Lair:1   | Noticed a six-headed hydra
 15167 | Lair:1   | Banished a six-headed hydra
 15167 | Lair:1   | Reached skill level 11 in Unarmed Combat
 16181 | Lair:1   | Noticed a six-headed hydra
 16183 | Lair:1   | Banished a six-headed hydra
 16879 | Lair:2   | Reached skill level 10 in Invocations
 16898 | Lair:2   | Noticed an eight-headed hydra
 16927 | Lair:2   | Found a staircase to the Swamp.
 16956 | Lair:3   | HP: 2/87 [porcupine's spines (14)]
 16964 | Lair:2   | Slain by a blink frog

Illustrated notes

Levels and vault maps discovered:
D:1:      dpeg_arrival_houses_and_road, layout_basic
D:2:      layout_loops_cross, first_ration, uniq_terence, uniq_sigmund
D:3:      layout_basic, glass_columns_b, kennysheep_generic_room_13, uniq_robin,
          uniq_crazy_yiuf_cottage, uniq_jessica
D:4:      layout_loops_ring, temple_green, uniq_pikel
D:5:      layout_basic, grunt_gozag_breadcrumbs
D:6:      layout_basic, chequers_temple_overflow_statue_of_worship, basic_altar
D:7:      layout_loops_corners, fedhas_ov_isle_minmay
D:8:      layout_gridville, due_lair_maze_entry_diamond
D:9:      minmay_chambers_of_sixes, layout_rooms, hangedman_pestilent_swarm
D:10:     layout_roguey, basic_altar, guppyfry_shop_venom
D:11:     layout_roguey [special_room_orc], basic_altar, roderic_serpentine_path
Lair:1:   layout_long_grid, minmay_lair_oklob_chamber, serial_bayou_shore_b
Lair:2:   layout_big_grid, skrybe_swamp_entry_bodies, grunt_megastairs_2
Lair:3:   layout_long_grid, nicolae_spider_entry_tight_spaces,
          chequers_serial_rivers_small_3, st_stairs_5, minivault_24,
          infiniplex_staircase_pool_2

Skill      XL: |  1  2  3  4  5  6  7  8  9 10 11 |
---------------+----------------------------------+-----
Unarmed Combat | 2 3 5 6 7 8 9 10 11 | 11.4
Invocations    | 5 6 8 10 | 10.0
Fighting       | 4 5 6 7 8 |  8.8
Armour         | 4 6 |  6.0
Shields        | 4 |  4.0
Dodging        | |  0.8

Action                   |  1- 3 |  4- 6 |  7- 9 | 10-12 || total
-------------------------+-------+-------+-------+-------++-------
Melee: Unarmed           |   142 |   228 |   474 |   434 ||  1278
       Kick              |    23 |    46 |   132 |   123 ||   324
       Punch             |     4 |     4 |     1 |       ||     9
Throw: Boomerang         |       |       |       |     3 ||     3
Invok: Depart the Abyss  |     1 |       |       |       ||     1
       Banish            |       |       |       |    10 ||    10
Evoke: Wand              |       |     2 |     3 |       ||     5
  Use: Potion            |       |     5 |     1 |     2 ||     8
       Scroll            |       |       |    13 |     3 ||    16
 Stab: Sleeping          |     2 |     2 |       |       ||     4
  Eat: Chunk             |     2 |    12 |    17 |    13 ||    44
       Ration            |       |       |     1 |     2 ||     3
Armor: Leather armour    |    44 |    49 |    11 |       ||   104
       Chain mail        |       |       |   232 |   263 ||   495
Dodge: Dodged            |    66 |   110 |   139 |   146 ||   461
Block: Buckler           |       |       |    44 |    86 ||   130
